 Dungeon Crawl Stone Soup version 0.23.2-1-ga50397a (webtiles) character file.

Game seed: 5751592554349249483

69 schauveau the Shooter (level 4, -3/36 HPs)
             Began as a Centaur Hunter on May 2, 2019.
             Killed from afar by Natasha (6 damage)
             ... with a magic dart
             ... on level 3 of the Dungeon.
             The game lasted 00:01:36 (1007 turns).

schauveau the Shooter (Centaur Hunter)              Turns: 1007, Time: 00:01:37

Health: -3/36      AC:  5    Str: 15    XL:     4   Next: 2%
Magic:  4/4        EV:  9    Int: 10    God:
Gold:   18         SH:  0    Dex: 10    Spells: 3/3 levels left

rFire    . . .     SeeInvis .   b - +0 short sword
rCold    . . .     Gourm    .   (no shield)
rNeg     . . .     Faith    .   c - +0 leather armour
rPois    .         Spirit   .   (no helmet)
rElec    .         Reflect  .   (no cloak)
rCorr    .         Harm     .   e - +0 pair of gloves
MR       .....                  (no barding)
Stlth    ..........             (no amulet)
HPRegen  0.12/turn              (no ring)
MPRegen  0.09/turn              (no ring)

@: confused, slowed
A: large, hooves 3, deformed body, speed 2, tough skin 3
a: no special abilities


You were on level 3 of the Dungeon.
You were not hungry.

You visited 1 branch of the dungeon, and saw 4 of its levels.

You collected 18 gold pieces.

Inventory:

Hand Weapons
 a - a +1 shortbow
 b - a +0 short sword (weapon)
Missiles
 d - 5 arrows
Armour
 c - a +0 leather armour (worn)
 e - a +0 pair of gloves (worn)
Scrolls
 g - a scroll of enchant weapon {unknown}
 h - 2 scrolls of teleportation {unknown}
 i - a scroll of immolation {unknown}
 k - a scroll of remove curse {unknown}
 l - 3 scrolls of identify {unknown}
 n - 2 scrolls of enchant armour {unknown}
Potions
 j - a potion of berserk rage {unknown}
 m - a potion of heal wounds {unknown}
 p - a potion of degeneration {unknown}
Comestibles
 f - 4 rations
 q - 2 chunks of flesh


   Skills:
 - Level 2.0 Fighting
 * Level 7.4 Bows
 - Level 1.3 Dodging
 - Level 0.4 Stealth


You had 3 spell levels left.
You didn't know any spells.
Your spell library was empty.

Dungeon Overview and Level Annotations

Branches:
Dungeon (4/15)
 Temple: D:4-7

Altars:

Annotations:
D:3 Natasha


Innate Abilities, Weirdness & Mutations

You have hooves in place of feet.
Armour fits poorly on your strangely shaped body.
You cover ground very quickly.
You have extremely tough skin. (AC +3)


Message History

You hit the dart slug but do no damage.
The dart slug is almost dead.
Natasha stares at you and mumbles some strange words.
You feel yourself slow down. The dart slug closely misses you.
You hit the dart slug but do no damage.
The dart slug is almost dead.
Natasha claws you!
* * * LOW HITPOINT WARNING * * *
The dart slug launches a dart at you. The slug dart misses you.
Natasha claws you.
* * * LOW HITPOINT WARNING * * *
It was a potion of ambrosia.
You are confused.
You feel invigorated. Natasha claws you.
* * * LOW HITPOINT WARNING * * *
The dart slug launches a dart at you. The slug dart misses you.
Natasha stares at you and mumbles some strange words.
The magic dart hits you.
You die...

....##.#######
#.......####
####.......#
#.##.##.#
#####.##.##.#
#........##.#
#.###5#####.#
#.# #h#####.#
#.# #@w÷....#
#.# #########
#.# #.#
###.##########
#............#
#.#.....####.#
#.#####.# #.#
# #.# #.#


You could see an iron imp, Natasha and a dart slug.

Vanquished Creatures
  An orc priest (D:2)
  3 dart slugs (D:2)
  2 orcs (D:2)
  A giant cockroach (D:1)
  A goblin (D:2)
  5 hobgoblins (D:2)
  7 jackals
  A ball python (D:2)
  4 bats
  3 frilled lizards
  2 kobolds (D:2)
  A rat (D:2)
31 creatures vanquished.

Notes
Turn   | Place    | Note
-------+----------+-------------------------------------------
     0 | D:1      | schauveau the Centaur Hunter began the quest for the Orb.
     0 | D:1      | Reached XP level 1. HP: 17/17 MP: 1/1
   216 | D:2      | Reached XP level 2. HP: 24/24 MP: 2/2
   219 | D:2      | Reached skill level 6 in Bows
   275 | D:2      | Reached skill level 7 in Bows
   275 | D:2      | Reached XP level 3. HP: 28/29 MP: 3/3
   939 | D:4      | Noticed Natasha
   961 | D:3      | Reached XP level 4. HP: 32/36 MP: 4/4
  1007 | D:3      | Killed from afar by Natasha

Skill      XL: |  1  2 |
---------------+-------+-----
Bows           | 7 |  7.4
Fighting       | |  2.0
Dodging        | |  1.3
Stealth        | |  0.4

Action                   |  1- 3 |  4- 6 || total
-------------------------+-------+-------++-------
Melee: Short sword       |    14 |    11 ||    25
       Kick              |     4 |     3 ||     7
 Fire: Shortbow          |    83 |       ||    83
  Use: Potion            |       |     1 ||     1
Armor: Leather armour    |    19 |     6 ||    25
Dodge: Dodged            |    28 |    12 ||    40
